Map: Echo LE (Void)

Players

DJQ - Winner!

  • Race: Protoss Protoss
  • League: Gold
  • Spawn Location: 5:00

Fropez

  • Race: Protoss Protoss
  • League: Gold
  • Spawn Location: 11:00

VOD

Have the link to the VOD?

Description

Time

  • Played on: Dec. 25, 2016, 1:23 p.m.
  • Length: 3:26
Show
View Real Time Build Order
Export as new Build Order

DJQ Protoss - Winner!

Build Orders:  

Get SALT Encoding   

  12  0:38  Pylon  
  12  0:42  Probe (Chrono Boost)  
  13  0:53  Probe (Chrono Boost)  
  14  1:02  Gateway  
  14  1:07  Gateway  
  14  1:10  Gateway  
  14  1:13  Gateway  
  14  1:19  Probe (Chrono Boost)  
  15  1:37  Pylon  
  15  1:39  Probe (Chrono Boost)  
  16  1:54  Zealot  
  16  1:55  Zealot  
  16  1:57  Zealot  
  16  2:00  Zealot  
  24  2:09  Probe (Chrono Boost)  
  25  2:18  Pylon  
  25  2:19  Probe (Chrono Boost)  
  26  2:29  Zealot  
  28  2:30  Zealot  
  30  2:37  Zealot  
  34  2:58  Zealot x2  
  34  2:59  Zealot  
Show
View Real Time Build Order
Export as new Build Order

Fropez Protoss 

Build Orders: 1 Gate Expand 

Get SALT Encoding   

  12  0:00  Probe (Chrono Boost)  
  13  0:11  Probe (Chrono Boost)  
  14  0:18  Pylon  
  14  0:30  Probe (Chrono Boost)  
  15  0:37  Gateway  
  15  0:40  Probe (Chrono Boost)  
  16  0:51  Probe (Chrono Boost)  
  17  1:03  Probe (Chrono Boost)  
  18  1:17  Nexus  
  18  1:24  Pylon  
  18  1:29  Probe (Chrono Boost)  
  20  1:40  Probe (Chrono Boost), Assimilator  
  20  1:45  Cybernetics Core  
  20  1:50  Probe (Chrono Boost)  
  21  2:05  Pylon, Probe (Chrono Boost), Gateway  
  22  2:12  Assimilator  
  22  2:24  Probe (Chrono Boost)  
  22  2:29  Probe (Chrono Boost)  
  24  2:32  Stalker  
  26  2:40  Probe (Chrono Boost)  
  27  2:44  Probe (Chrono Boost)  
  28  2:54  Stalker  
Tags
 
League
GoldGold
Matchup
PvP
Replay Pack
All Mines
Spawn Locations
Cross Positions
Add a new tag
Caveats
  • Supply blocks, unpowered buildings, or Contaminate may cause inaccurate times.
  • Supply counts are checked every 10 seconds.